 Dungeon Crawl Stone Soup version 0.27-a0-1416-g941b2bd30b (webtiles) character file.

Game seed: 11107568805528797073

14188 robertstho the Thaumaturge (level 12, -33/83 HPs)
             Began as a Djinni Fire Elementalist on July 1, 2021.
             Was an Elder of Makhleb.
             Annihilated by a large slime creature (36 damage)
             ... on level 10 of the Dungeon.
             The game lasted 00:29:33 (14431 turns).

robertstho the Thaumaturge (DjFE)                  Turns: 14431, Time: 00:29:33

Health: -33/83     AC:  7    Str: 13    XL:     12   Next: 42%
Gold:   481        EV: 13    Int: 22    God:    Makhleb [****..] SH:  0 Dex: 14

rFire    + + +     SeeInvis .   h - +2 whip (elec)
rCold    x . .     Faith    .   (no shield)
rNeg     . . .     Spirit   .   W - +0 troll leather armour
rPois    ∞         Reflect  .   i - +0 helmet
rElec    .         Harm     .   R - +0 cloak
rCorr    .         Rampage  .   c - +0 pair of gloves
Will     +....                  (boots unavailable)
Stlth    ++........             (no amulet)
HPRegen  1.23/turn              a - ring of protection from fire
MPRegen  0.00/turn              F - +6 ring of strength

@: flying, studying Fighting
A: sickness immunity, fire resistance 2, cold vulnerability 1, float, innate
caster, hp casting, extra vitality 1
a: Renounce Religion, Minor Destruction, Lesser Servant of Makhleb, Major
Destruction


You were on level 10 of the Dungeon.
You worshipped Makhleb.
Makhleb was greatly pleased with you.
You visited 1 branch of the dungeon, and saw 10 of its levels.
You also visited: Ossuary.

You collected 481 gold pieces.

Inventory:

Hand Weapons
 h - a +2 whip of electrocution (weapon)
 T - a +0 scimitar of flaming
Missiles
 d - 2 curare-tipped darts
 e - 5 atropa-tipped darts
 D - 2 boomerangs of dispersal
 L - 6 throwing nets
Armour
 c - a +0 pair of gloves (worn)
 i - a +0 helmet (worn)
 y - a +2 robe of positive energy
 z - +0 steam dragon scales
 O - the +1 ring mail of Negligence {+Blink rElec Int+2}
   (You found it on level 6 of the Dungeon)

   Int:       It affects your intelligence (+2).
   rElec:     It insulates you from electricity.
   +Blink:    It lets you blink.
 R - a +0 cloak (worn)
 W - a +0 troll leather armour (worn)
Jewellery
 a - a ring of protection from fire (left hand)
 A - a ring of protection from cold
 F - a +6 ring of strength (right hand)
 K - a ring of protection from cold
 V - a ring of see invisible
Wands
 b - a wand of flame (14)
 S - a wand of iceblast (19)
 U - a wand of digging (4)
Scrolls
 f - 7 scrolls of teleportation
 j - a scroll of vulnerability {unknown}
 m - 3 scrolls of amnesia {unknown}
 n - 3 scrolls of noise {unknown}
 o - a scroll of torment {unknown}
 q - a scroll of fear {unknown}
 r - 6 scrolls of magic mapping {unknown}
 v - a scroll of holy word
 w - 5 scrolls of fog
 B - 3 scrolls of blinking
 I - a scroll of enchant armour
 Q - 2 scrolls of silence
Potions
 g - 2 potions of attraction
 k - 4 potions of brilliance
 p - a potion of mutation
 s - 3 potions of cancellation {unknown}
 t - 3 potions of degeneration {unknown}
 u - 2 potions of berserk rage {unknown}
 x - 5 potions of heal wounds {unknown}
 E - 2 potions of haste {unknown}
 G - a potion of curing
 H - 3 potions of might {unknown}
 J - 2 potions of magic {unknown}
 P - 2 potions of resistance {unknown}


   Skills:
 * Level 6.1 Fighting
 + Level 2.5 Maces & Flails
 + Level 1.2 Armour
 + Level 4.5 Dodging
 + Level 3.4 Stealth
 * Level 12.3 Spellcasting
 * Level 5.6 Invocations
 + Level 3.0 Evocations


You had 6 spell levels left.
You knew the following spells:

 Your Spells              Type           Power      Damage    Failure   Level
a - Foxfire               Conj/Fire      100%       2x1d9     1%          1
b - Conjure Flame         Conj/Fire      61%        6-21      1%          3
c - Inner Flame           Hex/Fire       61%        N/A       1%          3
d - Sticky Flame          Conj/Fire      61%        2d8       1%          4
e - Fireball              Conj/Fire      30%        3d13      1%          5
f - Corona                Hex            67%        N/A       1%          1
g - Call Imp              Summ           61%        N/A       1%          2
h - Teleport Other        Tloc           61%        N/A       1%          3
i - Spider Form           Tmut/Pois      30%        N/A       1%          3
j - Olgreb's Toxic Radia  Pois           61%        N/A       1%          4
Your spell library was empty.

Dungeon Overview and Level Annotations

Branches:
Dungeon (10/15)            Temple (0/1) D:5            Lair (0/6) D:8
Ossuary (visited)
    Orc: D:9-12

Altars:
Ashenzari
Cheibriados
Dithmenos
Fedhas
Gozag
Hepliaklqana
Kikubaaqudgha
Makhleb
Nemelex Xobeh
Qazlal
Ru
Sif Muna
Trog
Uskayaw
Wu Jian
Yredelemnul


Innate Abilities, Weirdness & Mutations

You are immune to sickness and miasma.
You are immune to poison.
Your flesh is very heat resistant. (rF++)
You are vulnerable to cold. (rC-)
You float through the air rather than walking.
You learn spells naturally, not from books.
Your magical power is your life essence.
You have superior vitality. (+4 HP)


Message History

Aiming: Fireball (dangerous; 1% risk of failure)
Press: ? - help, Shift-Dir - straight line, f/p - large slime creature
Aim: a large slime creature (moderately wounded)
The fireball explodes!
The fireball engulfs the large slime creature!!
The large slime creature is moderately wounded.
Unknown command.
Casting: Fireball (dangerous; 1% risk of failure)
Confirm with . or Enter, or press ? or * to list all spells.
Aiming: Fireball (dangerous; 1% risk of failure)
Press: ? - help, Shift-Dir - straight line, f/p - large slime creature
Aim: a large slime creature (moderately wounded)
The fireball explodes!
The fireball engulfs the large slime creature!!
The large slime creature is heavily wounded.
Unknown command.
Casting: Fireball (dangerous; 1% risk of failure)
Confirm with . or Enter, or press ? or * to list all spells.
Aiming: Sticky Flame (safe; 1% risk of failure)
Press: ? - help, Shift-Dir - straight line, f/p - large slime creature
Aim: a large slime creature (heavily wounded, 100% to hit)
The sticky flame hits the large slime creature.
The large slime creature is severely wounded.
The large slime creature is covered in liquid flames!
The large slime creature burns!
The large slime creature hits you!
You hit the large slime creature.
The large slime creature is severely wounded.
The large slime creature burns!
The large slime creature hits you!!
You hit the large slime creature.
Lightning courses through the large slime creature!
The large slime creature is severely wounded.
The large slime creature burns!
The large slime creature hits you.
You hit the large slime creature.
The large slime creature is almost dead.
The large slime creature burns!
The large slime creature hits you!!
* * * LOW HITPOINT WARNING * * *
You hit the large slime creature.
The large slime creature is almost dead.
The large slime creature burns!
The large slime creature hits you!!!
You die...

#.# #.##..####.....
#.###....#####.....
#..............####
#........#######
#############..#####..#
#.....††††.....# ##.#
..#########....#
#.####### ##.##.#
#.#.....# #..##@#
#......(# #.###J##
#.K...# ## ####.# #..#
#....K# .## ###....#
##.# ##J....#
..#####...#### #.#
##......# ........###
#.#####.......#
...######
#....J..#.....# ...#
#########.....# ..##
#######


You could see a large slime creature (burning).

Vanquished Creatures
  Harold (D:8)
  Erica (D:8)
  A centaur warrior (D:8)
  A two-headed ogre (D:10)
  Pikel (D:8)
  Psyche (D:10)
  A troll (D:9)
  Prince Ribbit (D:6)
  3 slime creatures (D:10)
  Sigmund (D:6)
  A shadow (D:8)
  22 yaks
  2 wyverns
  Eustachio (D:4)
  A wraith (D:9)
  2 steam dragons
  Edmund (D:6)
  Menkaure (D:5)
  2 ice beasts
  An orc warrior (D:7)
  A black bear (D:5)
  A hornet zombie (D:9)
  3 necrophages
  4 ogres
  2 phantoms
  3 centaurs (D:8)
  2 kobold brigands
  Blork the orc (D:4)
  5 bullfrogs
  4 scorpions
  5 water moccasin zombies
  A wyvern zombie (Ossuary)
  2 water moccasin skeletons
  A wyvern skeleton (D:7)
  16 killer bees
  2 wights (D:8)
  2 howler monkeys (D:9)
  2 bullfrog zombies (Ossuary)
  9 centaur zombies
  A hound (D:6)
  A gnoll shaman (D:9)
  2 orc priests (D:5)
  A centaur skeleton (D:4)
  2 bullfrog skeletons
  7 orc wizards
  A killer bee zombie (Ossuary)
  18 mummies (Ossuary)
  2 howler monkey zombies
  9 gnolls
  10 adders
  A white imp (D:8)
  An ufetubus (D:5)
  2 worms
  2 dart slugs
  21 orcs
  4 endoplasms
  2 giant cockroaches
  10 hobgoblins
  2 jackals (D:1)
  5 quokkas
  15 ball pythons
  7 bats
  A frilled lizard (D:2)
  8 goblins
  16 kobolds
  4 rats
267 creatures vanquished.

Vanquished Creatures (collateral kills)
  A wight (D:8)
1 creature vanquished.

Vanquished Creatures (others)
  A human (D:9)
  650 foxfires
  6 withered plants (Ossuary)
657 creatures vanquished.

Grand Total: 925 creatures vanquished

Notes
Turn   | Place    | Note
-------+----------+-------------------------------------------
     0 | D:1      | robertstho the Djinni Fire Elementalist began the quest for
                  | the Orb.
     0 | D:1      | Reached XP level 1. HP: 15/15 MP: 0/0
   461 | D:1      | Reached XP level 2. HP: 21/21 MP: 0/0
   988 | D:1      | Reached skill level 3 in Spellcasting
   988 | D:1      | Reached XP level 3. HP: 21/25 MP: 0/0
   988 | D:1      | Learned a level 1 spell: Corona
  1575 | D:2      | Noticed an ogre
  1945 | D:2      | Reached XP level 4. HP: 25/31 MP: 0/0
  2105 | D:2      | Killed an ogre
  2106 | D:2      | Reached skill level 1 in Fighting
  2106 | D:2      | Reached skill level 4 in Spellcasting
  2106 | D:2      | Reached XP level 5. HP: 26/37 MP: 0/0
  2106 | D:2      | Learned a level 2 spell: Call Imp
  2620 | D:2      | Found a faded altar of an unknown god.
  3534 | D:3      | Reached XP level 6. HP: 31/42 MP: 0/0
  4298 | D:4      | Noticed an ogre
  4303 | D:4      | Killed an ogre
  4304 | D:4      | Reached skill level 5 in Spellcasting
  4446 | D:4      | Reached XP level 7. HP: 45/47 MP: 0/0
  4446 | D:4      | Learned a level 3 spell: Teleport Other
  4555 | D:4      | Noticed Blork the orc
  4564 | D:4      | Killed Blork the orc
  4727 | D:4      | Found a burning altar of Makhleb.
  4750 | D:4      | Became a worshipper of Makhleb the Destroyer
  4768 | D:4      | Noticed a steam dragon
  4776 | D:4      | Killed a steam dragon
  4819 | D:4      | Found a hide-covered altar of Uskayaw.
  4823 | D:4      | Found an ornate altar of the Wu Jian Council.
  4825 | D:4      | Noticed Eustachio
  4836 | D:4      | Killed Eustachio
  4837 | D:4      | Reached skill level 6 in Spellcasting
  4837 | D:4      | Reached XP level 8. HP: 44/54 MP: 0/0
  4837 | D:4      | Found a blossoming altar of Fedhas.
  4907 | D:4      | Found a shadowy altar of Dithmenos.
  4910 | D:4      | Found a sacrificial altar of Ru.
  4910 | D:4      | Found an opulent altar of Gozag.
  4910 | D:4      | Found a snail-covered altar of Cheibriados.
  4910 | D:4      | Found a broken altar of Ashenzari.
  4910 | D:4      | Found a sparkling altar of Nemelex Xobeh.
  4911 | D:4      | Found a bloodstained altar of Trog.
  4912 | D:4      | Found a hazy altar of Hepliaklqana.
  4914 | D:4      | Found a basalt altar of Yredelemnul.
  4916 | D:4      | Found a stormy altar of Qazlal.
  5620 | D:5      | Entered Level 5 of the Dungeon
  5628 | D:5      | Reached skill level 1 in Invocations
  5819 | D:5      | Found a sand-covered staircase.
  5839 | Ossuary  | Entered an ossuary
  5898 | Ossuary  | Reached skill level 7 in Spellcasting
  5975 | Ossuary  | Reached * piety under Makhleb
  5976 | Ossuary  | Reached skill level 1 in Evocations
  6057 | Ossuary  | Reached XP level 9. HP: 23/59 MP: 0/0
  6057 | Ossuary  | Learned a level 3 spell: Spider Form
  6521 | Ossuary  | Reached skill level 8 in Spellcasting
  6916 | D:5      | Reached ** piety under Makhleb
  6970 | D:5      | Noticed Menkaure
  6973 | D:5      | Killed Menkaure
  7581 | D:5      | Found a staircase to the Ecumenical Temple.
  8034 | D:6      | Noticed Prince Ribbit
  8037 | D:6      | Killed Prince Ribbit
  8038 | D:6      | Reached XP level 10. HP: 53/67 MP: 0/0
  8152 | D:6      | Reached skill level 9 in Spellcasting
  8286 | D:6      | Noticed Sigmund
  8289 | D:6      | Killed Sigmund
  8294 | D:6      | Noticed Edmund
  8303 | D:6      | Killed Edmund
  8512 | D:6      | Identified the +1 ring mail of Negligence {+Blink rElec
                  | Int+2}
  9687 | D:7      | You are sucked into a shaft and drop 3 floors!
  9687 | D:10     | Entered Level 10 of the Dungeon
  9808 | D:10     | Reached *** piety under Makhleb
  9810 | D:10     | Reached skill level 1 in Maces & Flails
  9813 | D:10     | Noticed Psyche
 10005 | D:10     | Killed Psyche
 10006 | D:10     | Reached skill level 10 in Spellcasting
 10704 | D:8      | Reached XP level 11. HP: 44/74 MP: 0/0
 10704 | D:8      | Learned a level 4 spell: Olgreb's Toxic Radiance
 11074 | D:8      | Found a staircase to the Lair.
 11081 | D:8      | Reached skill level 5 in Fighting
 11086 | D:8      | Noticed Pikel
 11091 | D:8      | Killed Pikel
 11593 | D:8      | Noticed Erica
 11599 | D:8      | Killed Erica
 12534 | D:8      | Noticed Harold
 12537 | D:8      | Noticed a centaur warrior
 12544 | D:8      | Killed Harold
 12544 | D:8      | Killed a centaur warrior
 12545 | D:8      | Reached skill level 11 in Spellcasting
 12837 | D:9      | Reached skill level 5 in Invocations
 13154 | D:9      | Reached **** piety under Makhleb
 13589 | D:9      | Identified a scroll of acquirement
 13590 | D:9      | Acquired a manual of Fighting
 13725 | D:9      | Reached XP level 12. HP: 69/82 MP: 0/0
 14172 | D:9      | Reached skill level 1 in Armour
 14208 | D:10     | Noticed a two-headed ogre
 14212 | D:10     | Killed a two-headed ogre
 14230 | D:10     | Reached skill level 12 in Spellcasting
 14430 | D:10     | HP: 2/83 [large slime creature (34)]
 14431 | D:10     | Annihilated by a large slime creature

Illustrated notes

Levels and vault maps discovered:
D:1:      wander_arrival_peaceful_grave, layout_basic, kennysheep_flooded_box
D:2:      layout_basic, shapermc_ecumenical_altar_mp_vishouse
D:3:      layout_loops_ring, dk_vineyard_2
D:4:      layout_basic, minitemple, lemuel_crystal_altar, grunt_ministairs_3,
          minmay_snake_closets, uniq_blork_the_orc, uniq_eustachio
D:5:      layout_rooms, minmay_temple_entry_nine_rooms,
          nicolae_ossuary_entry_plus, uniq_menkaure
D:6:      layout_basic, nicolae_overflow_hidden_temple, uniq_prince_ribbit1,
          uniq_edmund, uniq_sigmund
D:7:      layout_loops_ring
D:8:      layout_loops_cross, lair_entry_dummy, uniq_pikel, uniq_erica,
          uniq_harold
D:9:      minmay_inner_zag, layout_irregular_city, tgw_kikubaaqudgha
D:10:     layout_rooms, uniq_psyche

Skill      XL: |  1  2  3  4  5  6  7  8  9 10 11 12 |
---------------+-------------------------------------+-----
Spellcasting   | 3 4 5 6 7 8 10 11 12 | 12.3
Fighting       | 1 2 3 4 5 6 |  6.1
Stealth        | 2 3 |  3.4
Invocations    | 2 3 4 5 |  5.6
Evocations     | 1 2 3 |  3.0
Dodging        | 3 4 |  4.5
Maces & Flails | 1 2 |  2.5
Armour         | 1 |  1.2

Action                   |  1- 3 |  4- 6 |  7- 9 | 10-12 || total
-------------------------+-------+-------+-------+-------++-------
Melee: Whip              |       |       |    11 |    70 ||    81
 Cast: Foxfire           |    76 |   136 |   178 |    10 ||   400
       Sticky Flame      |       |     1 |    19 |    51 ||    71
       Fireball          |       |       |    21 |   108 ||   129
       Conjure Flame     |       |       |       |     1 ||     1
       Olgreb's Toxic Ra |       |       |       |    14 ||    14
Invok: Lesser Servant of |       |       |       |     1 ||     1
Evoke: Wand              |       |       |    19 |       ||    19
  Use: Potion            |       |       |     5 |     4 ||     9
       Scroll            |       |       |       |    13 ||    13
 Stab: Sleeping          |       |       |       |     1 ||     1
Armor: Robe              |     4 |     7 |     1 |       ||    12
       Steam dragon scal |       |       |    16 |    28 ||    44
       Troll leather arm |       |       |       |     7 ||     7
Dodge: Dodged            |    12 |    18 |    42 |    83 ||   155

Table legend: (Time is in decaauts)
 A = Elapsed time spent in this place.
 B = Non-inter-level travel time spent in this place.
 C = Inter-level travel time spent in this place.
 D = Time resting spent in this place.
 E = Time spent auto-exploring this place.
 F = Levels seen in this place.
 G = Mean time per level.
                   A        B        C        D        E       F      G
               +--------+--------+--------+--------+--------+-----+--------+
         Total |  14433 |  14102 |    331 |   1847 |  10604 |  11 | 1312.1 |
       Dungeon |  13363 |  13032 |    331 |   1269 |  10319 |  10 | 1336.3 |
       Ossuary |   1070 |   1070 |      0 |    578 |    285 |   1 | 1070.0 |
               +--------+--------+--------+--------+--------+-----+--------+

Top non-repeatable levels by time:
     D:1: 1773 daAuts
     D:8: 1749 daAuts
     D:4: 1427 daAuts
     D:9: 1327 daAuts
     D:5: 1283 daAuts
     D:6: 1282 daAuts
     D:2: 1240 daAuts
     D:3: 1177 daAuts
     D:7: 1138 daAuts
 Ossuary: 1070 daAuts
    D:10: 964 daAuts
